TOP OF THE 1ST |
Bishop Gorman HS Balbasaurs batting - Pitching for Rocky Point HS Eagles : RHP José Aguilar
|
Pitching: RHP José Aguilar
|
|
Batting: RHB Steve Murphy
|
0-0: Swinging Strike 0-1: Foul Ball, location: 2F 0-2: Ball 1-2: Strikes out swinging
|
Batting: RHB Jake Rutledge
|
0-0: Ball 1-0: Ball 2-0: Fly out, F9 (Flyball, 89M)
|
Batting: LHB Jean-Sébastien Beaudin
|
0-0: Foul Ball, location: 2F 0-1: Ball 1-1: Ball 2-1: Foul Ball, location: 2F 2-2: Foul Ball, location: 2F 2-2: Ball 3-2: Foul Ball, location: 2F 3-2: Foul Ball, location: 2F 3-2: Fly out, F7 (Line Drive, 7M)
|
Top of the 1st over - 0 run(s), 0 hit(s), 0 error(s), 0 left on base; Bishop Gorman HS 0 - Rocky Point HS 0 |
BOTTOM OF THE 1ST |
Rocky Point HS Eagles batting - Pitching for Bishop Gorman HS Balbasaurs : RHP Will Brown
|
Pitching: RHP Will Brown
|
|
Batting: RHB Pedro Cháves
|
0-0: Ground out 5-3 (Groundball, 56S)
|
Batting: RHB Jim Sharry
|
0-0: Ball 1-0: Ball 2-0: SINGLE (Groundball, 5D)
|
Batting: RHB Joe Lewis
|
0-0: Called Strike 0-1: Swinging Strike 0-2: Strikes out swinging
|
Batting: SHB Andrés Coronado
|
0-0: Foul Ball, location: 2F 0-1: Ball 1-1: Called Strike 1-2: Strikes out swinging
|
Bottom of the 1st over - 0 run(s), 1 hit(s), 0 error(s), 1 left on base; Bishop Gorman HS 0 - Rocky Point HS 0 |
TOP OF THE 2ND |
Bishop Gorman HS Balbasaurs batting - Pitching for Rocky Point HS Eagles : RHP José Aguilar
|
Batting: RHB Max Kimball
|
0-0: Ball 1-0: Ball 2-0: Called Strike 2-1: Foul Ball, location: 2F 2-2: Fly out, F8 (Flyball, 8LS)
|
Batting: RHB Bryan Martínez
|
0-0: Ball 1-0: Fly out, F5 (Popup, 25)
|
Batting: LHB Zhen-bang Rao
|
0-0: Fly out, F7 (Flyball, 7D)
|
Top of the 2nd over - 0 run(s), 0 hit(s), 0 error(s), 0 left on base; Bishop Gorman HS 0 - Rocky Point HS 0 |
BOTTOM OF THE 2ND |
Rocky Point HS Eagles batting - Pitching for Bishop Gorman HS Balbasaurs : RHP Will Brown
|
Batting: LHB Gus Price
|
0-0: Ball 1-0: Called Strike 1-1: SINGLE (Groundball, 56)
|
Batting: RHB Fernando Pagán
|
0-0: Foul Ball, location: 2F 0-1: Foul Ball, location: 2F 0-2: SINGLE (Flyball, 8LS) Gus Price to second
|
Batting: RHB John Lindsey
|
0-0: Ball 1-0: Swinging Strike 1-1: Ball 2-1: Ball 3-1: Base on Balls Gus Price to third Fernando Pagán to second
|
Batting: RHB Dave Burkholder
|
0-0: Called Strike 0-1: Foul Ball, location: 2F 0-2: Ball 1-2: Ball 2-2: Fly out, F7 (Flyball, 78M) Runner from 3rd tags up, SCORES, no throw
|
Batting: RHB Ramón Garza
|
0-0: Ball 1-0: Called Strike 1-1: 3-RUN HOME RUN (Flyball, 7D), Distance : 385 ft
|
Batting: RHB Pedro Cháves
|
0-0: Ball 1-0: Ball 2-0: Foul Ball, location: 2F 2-1: Fly out, F6 (Popup, 6MD)
|
Batting: RHB Jim Sharry
|
0-0: SINGLE (Flyball, 8LM)
|
Batting: RHB Joe Lewis
|
0-0: Ball 1-0: Ball 2-0: Called Strike 2-1: Foul Ball, location: 2F 2-2: Ground out 4-3 (Groundball, 4)
|
Bottom of the 2nd over - 4 run(s), 4 hit(s), 0 error(s), 1 left on base; Bishop Gorman HS 0 - Rocky Point HS 4 |
TOP OF THE 3RD |
Bishop Gorman HS Balbasaurs batting - Pitching for Rocky Point HS Eagles : RHP José Aguilar
|
Batting: RHB Ramón Chávez
|
0-0: Called Strike 0-1: SOLO HOME RUN (Flyball, 7D), Distance : 385 ft
|
Batting: RHB Mario Ramírez
|
0-0: SINGLE (Flyball, 9S)
|
Batting: RHB Kent Bannatyne
|
0-0: SINGLE (Line Drive, 8LS) Mario Ramírez to second
|
Batting: RHB Steve Murphy
|
0-0: Swinging Strike 0-1: Swinging Strike 0-2: SINGLE (Line Drive, 89S) Mario Ramírez to third Kent Bannatyne to second
|
Batting: RHB Jake Rutledge
|
0-0: Ball 1-0: Called Strike 1-1: Called Strike 1-2: Ball 2-2: Ball 3-2: Grounds into double play, 6-4-3 (Groundball, 6) Mario Ramírez scores Kent Bannatyne to third
|
Batting: LHB Jean-Sébastien Beaudin
|
0-0: Ball 1-0: Called Strike 1-1: Called Strike 1-2: Ball 2-2: Ground out 4-3 (Groundball, 4)
|
Top of the 3rd over - 2 run(s), 4 hit(s), 0 error(s), 1 left on base; Bishop Gorman HS 2 - Rocky Point HS 4 |
BOTTOM OF THE 3RD |
Rocky Point HS Eagles batting - Pitching for Bishop Gorman HS Balbasaurs : RHP Will Brown
|
Batting: SHB Andrés Coronado
|
0-0: Ground out 6-3 (Groundball, 6M)
|
Batting: LHB Gus Price
|
0-0: Ball 1-0: Ground out 4-3 (Groundball, 4M)
|
Batting: RHB Fernando Pagán
|
0-0: Called Strike 0-1: Called Strike 0-2: Strikes out swinging
|
Bottom of the 3rd over - 0 run(s), 0 hit(s), 0 error(s), 0 left on base; Bishop Gorman HS 2 - Rocky Point HS 4 |
TOP OF THE 4TH |
Bishop Gorman HS Balbasaurs batting - Pitching for Rocky Point HS Eagles : RHP José Aguilar
|
Batting: RHB Max Kimball
|
0-0: Ball 1-0: Foul Ball, location: 2F 1-1: SINGLE (Flyball, 6MD)
|
Batting: RHB Bryan Martínez
|
0-0: Ball 1-0: Ball 2-0: SINGLE (Groundball, 34) Max Kimball to second Throwing error, E9 Max Kimball scores Bryan Martínez to second
|
Batting: LHB Zhen-bang Rao
|
0-0: Ball 1-0: Fly out, F6 (Line Drive, 6)
|
Batting: RHB Ramón Chávez
|
0-0: Fly out, F8 (Flyball, 8LM)
|
Batting: RHB Mario Ramírez
|
0-0: Fly out, F9 (Flyball, 89M)
|
Top of the 4th over - 1 run(s), 2 hit(s), 1 error(s), 1 left on base; Bishop Gorman HS 3 - Rocky Point HS 4 |
BOTTOM OF THE 4TH |
Rocky Point HS Eagles batting - Pitching for Bishop Gorman HS Balbasaurs : RHP Will Brown
|
Batting: RHB John Lindsey
|
0-0: Foul Ball, location: 2F 0-1: Ball 1-1: Swinging Strike 1-2: Foul Ball, location: 2F 1-2: Foul Ball, location: 2F 1-2: Ball 2-2: Foul Ball, location: 2F 2-2: Ball 3-2: Strikes out swinging
|
Batting: RHB Dave Burkholder
|
0-0: Ball 1-0: Foul Ball, location: 2F 1-1: Ball 2-1: Ball 3-1: Called Strike 3-2: Base on Balls
|
Batting: RHB Ramón Garza
|
0-0: Ball 1-0: Ball 2-0: Called Strike 2-1: Foul Ball, location: 2F 2-2: Ball 3-2: Strikes out swinging
|
Batting: RHB Pedro Cháves
|
0-0: SINGLE (Groundball, 6MD) (infield hit) Dave Burkholder to second
|
Batting: RHB Jim Sharry
|
0-0: Swinging Strike 0-1: Swinging Strike 0-2: Foul Ball, location: 2F 0-2: Ball 1-2: Foul Ball, location: 2F 1-2: Strikes out looking
|
Bottom of the 4th over - 0 run(s), 1 hit(s), 0 error(s), 2 left on base; Bishop Gorman HS 3 - Rocky Point HS 4 |
TOP OF THE 5TH |
Bishop Gorman HS Balbasaurs batting - Pitching for Rocky Point HS Eagles : RHP José Aguilar
|
Batting: RHB Kent Bannatyne
|
0-0: Ball 1-0: Called Strike 1-1: Foul Ball, location: 2F 1-2: Foul Ball, location: 2F 1-2: Foul Ball, location: 2F 1-2: Ball 2-2: SINGLE (Groundball, 6)
|
Batting: RHB Steve Murphy
|
0-0: Called Strike 0-1: Ball 1-1: Called Strike 1-2: Ball 2-2: SINGLE (Flyball, 89S) Kent Bannatyne to second Kent Bannatyne to third
|
Batting: RHB Jake Rutledge
|
0-0: Swinging Strike 0-1: Swinging Strike 0-2: Strikes out swinging
|
Batting: LHB Jean-Sébastien Beaudin
|
0-0: Called Strike 0-1: Ball 1-1: Foul Ball, location: 2F 1-2: Foul Ball, location: 2F 1-2: Fly out, F4 (Line Drive, 34)
|
Batting: RHB Max Kimball
|
Error on foul ball, E2 0-1: Ball 1-1: Ball 2-1: Fly out, F9 (Line Drive, 9M)
|
Top of the 5th over - 0 run(s), 2 hit(s), 1 error(s), 2 left on base; Bishop Gorman HS 3 - Rocky Point HS 4 |
BOTTOM OF THE 5TH |
Rocky Point HS Eagles batting - Pitching for Bishop Gorman HS Balbasaurs : RHP Will Brown
|
Batting: RHB Joe Lewis
|
0-0: Foul Ball, location: 2F 0-1: Ball 1-1: Ball 2-1: SINGLE (Groundball, 34D)
|
Batting: SHB Andrés Coronado
|
0-0: Called Strike 0-1: Ball 1-1: Foul Ball, location: 2F 1-2: Ball 2-2: DOUBLE (Groundball, 3L) Joe Lewis to third
|
Pitching: RHP Rafael Moreno
|
|
Batting: LHB Gus Price
|
0-0: Fly out, F9 (Flyball, 9LM) Runner from 3rd tags up, OUT at HOME Andrés Coronado to third
|
Batting: RHB Fernando Pagán
|
0-0: Ground out 5-3 (Groundball, 56)
|
Bottom of the 5th over - 0 run(s), 2 hit(s), 0 error(s), 1 left on base; Bishop Gorman HS 3 - Rocky Point HS 4 |
TOP OF THE 6TH |
Bishop Gorman HS Balbasaurs batting - Pitching for Rocky Point HS Eagles : RHP José Aguilar
|
Batting: RHB Bryan Martínez
|
0-0: Foul Ball, location: 2F 0-1: Foul Ball, location: 2F 0-2: SINGLE (Flyball, 7S)
|
Pitching: RHP Joe Johnston
|
|
Batting: LHB Zhen-bang Rao
|
0-0: Ball 1-0: Called Strike 1-1: Ball 2-1: Ball 3-1: Fly out, F8 (Flyball, 78M)
|
Batting: RHB Ramón Chávez
|
0-0: Called Strike 0-1: TRIPLE (Flyball, 8LXD) Bryan Martínez scores
|
Batting: RHB Mario Ramírez
|
0-0: Ball 1-0: Fly out, F4 (Popup, 4S)
|
Batting: RHB Kent Bannatyne
|
0-0: Fly out, F8 (Flyball, 8LM)
|
Top of the 6th over - 1 run(s), 2 hit(s), 0 error(s), 1 left on base; Bishop Gorman HS 4 - Rocky Point HS 4 |
BOTTOM OF THE 6TH |
Rocky Point HS Eagles batting - Pitching for Bishop Gorman HS Balbasaurs : RHP Rafael Moreno
|
Batting: RHB John Lindsey
|
0-0: Ball 1-0: SOLO HOME RUN (Line Drive, 9D), Distance : 410 ft
|
Batting: RHB Dave Burkholder
|
Single, Error in OF, E7, batter to second base
|
Batting: RHB Ramón Garza
|
0-0: Ball 1-0: SINGLE (Groundball, 5D) Dave Burkholder to third Runner from 3rd tries for Home, SAFE, throw made home
|
Pitching: LHP Brian Armstrong
|
|
Batting: RHB Pedro Cháves
|
0-0: Grounds into double play, 1-6-3 (Groundball, 15S)
|
Batting: RHB Jim Sharry
|
0-0: Ball 1-0: SINGLE (Groundball, 6S) (infield hit)
|
Batting: RHB Joe Lewis
|
0-0: Ball 1-0: Ball 2-0: Called Strike 2-1: Fly out, F8 (Flyball, 8LS)
|
Bottom of the 6th over - 2 run(s), 4 hit(s), 1 error(s), 1 left on base; Bishop Gorman HS 4 - Rocky Point HS 6 |
TOP OF THE 7TH |
Bishop Gorman HS Balbasaurs batting - Pitching for Rocky Point HS Eagles : RHP Joe Johnston
|
Batting: RHB Steve Murphy
|
0-0: Swinging Strike 0-1: Foul Ball, location: 2F 0-2: SINGLE (Line Drive, 89M)
|
Batting: RHB Jake Rutledge
|
0-0: Ball 1-0: SINGLE (Flyball, 4D) Steve Murphy to second Throwing error, E8 Steve Murphy scores Jake Rutledge to second
|
Batting: LHB Jean-Sébastien Beaudin
|
0-0: Ball 1-0: Ball 2-0: Foul Ball, location: 2F 2-1: Foul Ball, location: 2F 2-2: Ball 3-2: Base on Balls
|
Batting: RHB Max Kimball
|
0-0: Ball 1-0: Swinging Strike 1-1: Swinging Strike 1-2: Strikes out swinging
|
Batting: RHB Bryan Martínez
|
0-0: Ball 1-0: Called Strike 1-1: Ball 2-1: Foul Ball, location: 2F 2-2: Ball 3-2: Strikes out looking
|
Batting: LHB Zhen-bang Rao
|
0-0: Ball 1-0: Fly out, F7 (Flyball, 7LM)
|
Top of the 7th over - 1 run(s), 2 hit(s), 1 error(s), 2 left on base; Bishop Gorman HS 5 - Rocky Point HS 6 |
BOTTOM OF THE 7TH |
Rocky Point HS Eagles batting - Pitching for Bishop Gorman HS Balbasaurs : LHP Brian Armstrong
|
Batting: SHB Andrés Coronado
|
0-0: SOLO HOME RUN (Flyball, 8LXD), Distance : 441 ft
|
Batting: LHB Gus Price
|
0-0: Ball 1-0: Foul Ball, location: 2F 1-1: Ground out U3 (Groundball, 3S)
|
Batting: RHB Fernando Pagán
|
0-0: Ball 1-0: Called Strike 1-1: Ball 2-1: Ball 3-1: DOUBLE (Flyball, 89D)
|
Batting: RHB John Lindsey
|
0-0: Ball 1-0: Called Strike 1-1: Called Strike 1-2: Ball 2-2: Ball 3-2: Fly out, F3 (Line Drive, 34)
|
Batting: RHB Dave Burkholder
|
0-0: Called Strike 0-1: Ball 1-1: Ground out 5-3 (Groundball, 56S)
|
Bottom of the 7th over - 1 run(s), 2 hit(s), 0 error(s), 1 left on base; Bishop Gorman HS 5 - Rocky Point HS 7 |
TOP OF THE 8TH |
Bishop Gorman HS Balbasaurs batting - Pitching for Rocky Point HS Eagles : RHP Joe Johnston
|
Pitching: LHP Keith Burns
|
|
Now at C: Josh Conner
|
|
Now in LF: Rob Peterson
|
|
Batting: RHB Ramón Chávez
|
0-0: Called Strike 0-1: Foul Ball, location: 2F 0-2: Strikes out looking
|
Batting: RHB Mario Ramírez
|
0-0: Ball 1-0: Ball 2-0: Ball 3-0: Base on Balls
|
Batting: RHB Kent Bannatyne
|
0-0: Called Strike 0-1: Called Strike 0-2: Foul Ball, location: 2F 0-2: Foul Ball, location: 2F 0-2: Ball 1-2: Grounds into double play, 6-4-3 (Groundball, 6)
|
Top of the 8th over - 0 run(s), 0 hit(s), 0 error(s), 0 left on base; Bishop Gorman HS 5 - Rocky Point HS 7 |
BOTTOM OF THE 8TH |
Rocky Point HS Eagles batting - Pitching for Bishop Gorman HS Balbasaurs : LHP Brian Armstrong
|
Pitching: RHP Chris Cantrell
|
|
Batting: RHB Ramón Garza
|
0-0: Foul Ball, location: 2F 0-1: Fly out, F9 (Flyball, 89M)
|
Batting: RHB Pedro Cháves
|
0-0: Called Strike 0-1: Foul Ball, location: 2F 0-2: Foul Ball, location: 2F 0-2: Ball 1-2: Ball 2-2: Ball 3-2: Strikes out swinging
|
Batting: RHB Jim Sharry
|
0-0: Called Strike 0-1: Ball 1-1: Foul Ball, location: 2F 1-2: Ball 2-2: Strikes out looking
|
Bottom of the 8th over - 0 run(s), 0 hit(s), 0 error(s), 0 left on base; Bishop Gorman HS 5 - Rocky Point HS 7 |
TOP OF THE 9TH |
Bishop Gorman HS Balbasaurs batting - Pitching for Rocky Point HS Eagles : LHP Keith Burns
|
Pitching: RHP Roy Jordan
|
|
Batting: RHB Steve Murphy
|
0-0: Swinging Strike 0-1: Swinging Strike 0-2: Ball 1-2: Foul Ball, location: 2F 1-2: Strikes out swinging
|
Batting: RHB Jake Rutledge
|
0-0: Ball 1-0: Called Strike 1-1: Foul Ball, location: 2F 1-2: Ball 2-2: Ball 3-2: Base on Balls
|
Batting: LHB Jean-Sébastien Beaudin
|
0-0: Called Strike 0-1: Foul Ball, location: 2F 0-2: Ball 1-2: Strikes out swinging
|
Batting: RHB Max Kimball
|
0-0: Called Strike 0-1: Foul Ball, location: 2F 0-2: Ball 1-2: Strikes out looking
|
Top of the 9th over - 0 run(s), 0 hit(s), 0 error(s), 1 left on base; Bishop Gorman HS 5 - Rocky Point HS 7 |
|